Arrhythmia, chaotic female vampiric Convict --- ----- --.-- ---.|.----|...--------------------- ---- ---- |......|.---......................| |..| |..--- |.........|-..---------------..--.---..------....----------------- - --.---....|..^-- --......%...(...>.(......................- --- |.........| |....|-.......---...-.....--------- . -------...| ---%.-----......)..%....|.....| . ---.-- |...| ---------------|.....--- . . ---- --..----------..-- |.......-- .--.| --..|---......-|......| |.----...---.|.| ---...--.........|......--- --- --...--.|.-- |.......................*.| --..aa()..---. |..........--.............| |.aa@.).....- |........----............-- -..@...)...-- ........| ..--..........--- .............--...-- #-.......--|(. --...........| |.....j..|---<- #--.......|-- --...---....| --....|..| |... ---..|.-- |..-- --..-- ---.---.| --..| ------ ---- ---- -- --- --- Arrhythmia the Jail-bird Experience level: 7 Strength: 18 Dexterity: 16 Constitution: 16 Intelligence: 9 Wisdom: 12 Charisma: 6 Health: 0(68) Energy: 43(43) AC: 8 Gold: 264 Moves: 1786 Your Inventory: Coins $ - 264 gold pieces Armor b - a cursed +0 striped shirt (being worn) f - a cursed -1 pair of hard shoes [iron] (being worn) h - an [uncursed] burnt +0 hooded cloak [dwarvish] (being worn) m - an [uncursed] +0 iron skull cap [orcish helm] (being worn) Comestibles j - an [uncursed] sprig of wolfsbane Scrolls d - an [uncursed] scroll labeled SODALG [of identify] Potions e - an [uncursed] amber potion [of gain ability] g - an [uncursed] indigo potion [of hallucination] p - an [uncursed] milky potion [of healing] Wands i - an [uncursed] wand of striking [0:5] n - an [uncursed] wand of magic missile [0:4] Tools l - an [uncursed] blindfold o - an [uncursed] skeleton key Iron balls c - an [uncursed] heavy iron ball (chained to you) (weapon in hand) Spells known in the end: Name Level Category Fail Memory Your skills at the end: Fighting Skills Weapon Skills sling [Basic / Skilled] Spellcasting Skills Final Attributes: You were devoutly aligned. Hunger level was 128. Your alignment was 18 / 18. Monster difficulty range was 1 - 6. Level difficulty was 6. You were immune to poison. You were immune to level-drain. You were immune to sickness. You were punished. You could fly. You could survive without air. You regenerated. Your luck was zero. You are dead. Vanquished creatures: a Woodland-elf a rock piercer a pony a fog cloud a violet fungus 6 gnome lords a gnomish wizard 2 giant ants a little dog 8 dwarves 2 coyotes 2 hobbits a hobgoblin a cave spider a yellow mold 37 gnomes 3 jackals a fox 5 grid bugs a lichen 4 newts 81 creatures vanquished. Voluntary challenges: You went without food. You were illiterate. You never hit with a wielded weapon. You put on armor 4 times. You never genocided any monsters. You never polymorphed an object. You never changed form. You used no wishes. You abstained from Elbereth's help. You never encountered a bones level. You never used any Sokoban shortcuts. Dungeon overview: The Dungeons of Doom: levels 1 to 2 Level 1 (Vault) a fountain a long staircase Level 2 some fountains stairs to The Gnomish Mines The Gnomish Mines: levels 3 to 6 Level 3 stairs to The Dungeons of Doom Level 6 <- You were here History has recorded: On T:1 you entered the Dungeons of Doom to retrieve the Amulet of Yendor! On T:308 you reached level 2 of The Dungeons of Doom. On T:310 you advanced to experience level 2. On T:716 you reached level 1 of The Gnomish Mines. On T:721 you advanced to experience level 3. On T:727 you advanced to experience level 4. On T:739 you advanced to experience level 5. On T:855 you advanced to experience level 6. On T:987 you reached level 2 of The Gnomish Mines. On T:1077 you advanced to experience level 7. On T:1421 you reached level 3 of The Gnomish Mines. On T:1455 you reached level 4 of The Gnomish Mines. Latest messages: [HP+1=60] [HP+1=61] [HP+1=62] [HP+1=63] [HP+1=64] [HP+1=65] [HP+1=66] [HP+1=67] Hit points restored. [HP+1=68] The Woodland-elf wields a runed spear! The fire ant bites! (4x) You're on fire! Your cloak smoulders! A gush of water hits the fire ant! [HP-21=47] The fire ant bites! (2x) The Woodland-elf thrusts his runed spear. The Woodland-elf hits! The Woodland-elf thrusts his runed spear. The Woodland-elf hits! [HP-23=24] The fire ant bites! (2x) You're on fire! The fire ant bites! (2x) You're on fire! The fire ant bites! (3x) You die... (2x) Final status: Goodbye Arrhythmia the Convict... You died in The Gnomish Mines on dungeon level 6 with 2436 points, and 264 pieces of gold, after 1786 moves. You were level 7 with a maximum of 68 hit points when you died.